 Dungeon Crawl Stone Soup version 0.28-a0-1080-g05a166d0ed (webtiles) character file.

Game seed: 8683505637527160148

5737 yoda5477 the Cleaver (level 10, -3/73 HPs)
             Began as a Demonspawn Fighter on Dec 9, 2021.
             Was a Believer of Wu Jian.
             Slain by a komodo dragon (21 damage)
             ... on level 9 of the Dungeon.
             The game lasted 00:49:30 (8587 turns).

yoda5477 the Cleaver (Demonspawn Fighter)           Turns: 8587, Time: 00:49:31

Health: -3/73      AC: 13    Str: 24    XL:     10   Next: 49%
Magic:  22/22      EV:  8    Int: 10    God:    Wu Jian [**....]
Gold:   557        SH:  6    Dex: 18    Spells: 11/13 levels left

rFire   . . .      SeeInvis .   a - +0 war axe (spect)
rCold   . . .      Faith    .   c - +0 buckler
rNeg    . . .      Spirit   .   x - +0 chain mail
rPois   +          Reflect  .   r - +2 hat
rElec   .          Harm     .   (no cloak)
rCorr   .          Rampage  .   z - +0 pair of gloves
Will    .....                   (no boots)
Stlth   +.........              f - amulet "Dozer" {rPois Regen+ Str+3 Dex+2}
HPRegen 1.02/turn               t - ring of magical power
MPRegen 0.18/turn               s - ring of wizardry

@: no status effects
A: antennae 1, thin skeletal structure 2, spiny 2
a: Renounce Religion, Wall Jump


You were on level 9 of the Dungeon.
You worshipped Wu Jian.
Wu Jian was pleased with you.
You visited 2 branches of the dungeon, and saw 12 of its levels.

You collected 557 gold pieces.

Inventory:

Hand Weapons
 a - a +0 spectral war axe (weapon)
 b - a +2 dagger of protection
 h - a +0 quarterstaff
 j - a +0 spear
Missiles
 g - 196 stones
 m - 86 arrows
 n - 54 bolts
 q - 3 poisoned darts (quivered)
 w - 6 silver javelins
 B - a boomerang
 E - 2 throwing nets
 F - 18 sling bullets
Armour
 c - a +0 buckler (worn)
 i - a +0 plate armour
 l - a +1 tower shield
 r - a +2 hat (worn)
 x - a +0 chain mail (worn)
 z - a +0 pair of gloves (worn)
Magical Staves
 L - a staff of air
Jewellery
 f - the amulet "Dozer" (around neck) {rPois Regen+ Str+3 Dex+2}
   (You acquired it on level 4 of the Dungeon)

   [amulet of regeneration]

   Str:       It affects your strength (+3).
   Dex:       It affects your dexterity (+2).
   rPois:     It protects you from poison.
   Regen:     It increases your rate of health regeneration.
 s - a ring of wizardry (right hand)
 t - a ring of magical power (left hand)
 D - a ring of magical power
Wands
 p - a wand of paralysis (5)
 A - a wand of iceblast (6)
 J - a wand of acid (3)
 O - a wand of mindburst (7)
Scrolls
 v - 4 scrolls of teleportation
 y - a scroll of immolation
 C - 2 scrolls of torment
 H - 2 scrolls of blinking
 I - 2 scrolls of enchant weapon
 K - 3 scrolls of identify
 M - a scroll of amnesia
 P - a scroll of fear {unknown}
Potions
 d - 2 potions of might
 e - a potion of magic
 k - 2 potions of heal wounds
 o - 3 potions of curing
 u - a potion of haste
 G - 2 potions of invisibility
 N - a potion of brilliance


   Skills:
 + Level 4.5 Fighting
 * Level 11.8 Axes
 + Level 6.8 Armour
 + Level 5.0 Shields
 - Level 2.0 Spellcasting
 * Level 0.4 Air Magic


You had 11 spell levels left.
You knew the following spells:

 Your Spells              Type           Power      Damage    Failure   Level
a - Corpse Rot            Necr/Air       2%         N/A       67%         2

Your spell library contained the following spells:

 Spells                   Type           Power      Damage    Failure   Level
 Animate Skeleton         Necr           2%         N/A       56%         1
 Apportation              Tloc           2%         N/A       56%         1
 Pain                     Necr           4%         1d4       56%         1
 Poisonous Vapours        Pois/Air       2%         N/A       67%         2
 Ensorcelled Hibernation  Hex/Ice        2%         N/A       71%         2
 Mephitic Cloud           Conj/Pois/Air  1%         N/A       88%         3
 Ignite Poison            Fire/Tmut/Pois 1%         N/A       89%         3
 Spider Form              Tmut/Pois      1%         N/A       89%         3
 Tukima's Dance           Hex            1%         N/A       89%         3
 Vampiric Draining        Necr           1%         2d6       89%         3
 Petrify                  Tmut/Erth      1%         N/A       99%         4
 Alistair's Intoxication  Tmut/Pois      0%         N/A       100%        5
 Freezing Cloud           Conj/Ice/Air   0%         6-21      100%        5
 Metabolic Englaciation   Hex/Ice        0%         N/A       100%        5
 Statue Form              Tmut/Erth      0%         N/A       100%        6


Dungeon Overview and Level Annotations

Branches:
Dungeon (11/15)            Temple (1/1) D:4            Lair (0/6) D:10
    Orc: D:9-12

Altars:
Ashenzari
Cheibriados
Dithmenos
Elyvilon
Fedhas
Gozag
Hepliaklqana
Kikubaaqudgha
Makhleb
Nemelex Xobeh
Okawaru
Qazlal
Ru
Sif Muna
Trog
Uskayaw
Vehumet
Wu Jian
Xom
Yredelemnul
Zin
The Shining One

Shops:
D:7 :   D:9 =:=:

Annotations:
D:6 2 exclusions
D:7 1 runed translucent door, exclusion: door, Crazy Yiuf
D:8 exclusion: downstairs


Innate Abilities, Weirdness & Mutations

You have a pair of small antennae on your head.
You have a moderately thin skeletal structure. (Dex +4, Stealth++)
You are mostly covered in sharp spines.


Message History

You slash the komodo dragon!
The komodo dragon is heavily wounded.
The komodo dragon is struck by your spines.
The komodo dragon bites you!
You hit the komodo dragon but do no damage.
The komodo dragon is heavily wounded.
The komodo dragon is struck by your spines.
The komodo dragon bites you.
* * * LOW HITPOINT WARNING * * *
The komodo dragon bites you!
* * * LOW HITPOINT WARNING * * *
Things that are here:
a +0 morningstar; an orc corpse
Things that are here:
a +0 dagger; a +0 robe; an orc corpse
There is a stone staircase leading up here.
The komodo dragon is struck by your spines.
The komodo dragon bites you!!
* * * LOW HITPOINT WARNING * * *
You climb upwards.
There is a stone staircase leading down here.
You hit the komodo dragon.
The komodo dragon is heavily wounded.
Your +0 spectral war axe hits the komodo dragon!
The komodo dragon bites your +0 spectral war axe!!
Your spectral weapon shares its damage with you!
Your +0 spectral war axe fades away.
* * * LOW HITPOINT WARNING * * *
You feel much better. The komodo dragon barely misses you.
You hit the komodo dragon but do no damage.
The komodo dragon is severely wounded.
Your +0 spectral war axe barely misses the komodo dragon.
The komodo dragon bites you!!
* * * LOW HITPOINT WARNING * * *
You spin and attack the komodo dragon.
You hit the komodo dragon but do no damage.
The komodo dragon is severely wounded.
Your +0 spectral war axe hits the komodo dragon!
The komodo dragon bites you!!
You die...

#.## ##.## #..### #..# ##...#
##.### ########.## #....#
####+### ..........# #....#
#....... ..........#
#...[######.......
..........######....>....'.......
....................######.......
...)......######@...# ########
########### #(l..# #....# ######


You could see a komodo dragon and a friendly +0 spectral war axe (summoned).

Vanquished Creatures
  A shadow (D:9)
  8 yaks
  A wyvern (D:7)
  A wraith (D:9)
  A vampire (D:10)
  2 water moccasins
  2 orc warriors
  3 black bears
  2 ice beasts
  2 sky beasts
  3 ogres (D:5)
  2 centaurs
  Blork the orc (D:6)
  4 bullfrogs
  2 scorpions
  A water moccasin zombie (D:6)
  A wyvern skeleton (D:7)
  A water moccasin skeleton (D:4)
  11 killer bees
  5 wights (D:9)
  A howler monkey (D:9)
  3 bullfrog zombies
  A jelly (D:6)
  3 centaur zombies
  A hound (D:4)
  3 orc priests
  2 centaur skeletons
  2 bullfrog skeletons
  2 iguanas
  8 orc wizards
  2 killer bee zombies
  2 howler monkey zombies
  9 adders
  A shadow imp (D:5)
  3 white imps
  2 ufetubi
  A worm (D:2)
  4 dart slugs
  22 orcs
  8 endoplasms
  2 giant cockroaches (D:2)
  5 goblins
  8 hobgoblins
  2 jackals (D:2)
  4 kobolds
  2 quokkas (D:1)
  7 ball pythons
  7 bats
  3 frilled lizards (D:1)
  4 rats
178 creatures vanquished.

Vanquished Creatures (others)
  8 plants
8 creatures vanquished.

Grand Total: 186 creatures vanquished

Notes
Turn   | Place    | Note
-------+----------+-------------------------------------------
     0 | D:1      | yoda5477 the Demonspawn Fighter began the quest for the
                  | Orb.
     0 | D:1      | Reached XP level 1. HP: 18/18 MP: 1/1
   302 | D:1      | Reached skill level 2 in Axes
   510 | D:1      | Gained mutation: You have a pair of small antennae on your
                  | head. [demonic ancestry]
   510 | D:1      | Reached XP level 2. HP: 21/24 MP: 2/2
   965 | D:1      | Found a faded altar of an unknown god.
  1169 | D:2      | Gained mutation: You are partially covered in sharp spines.
                  | [demonic ancestry]
  1169 | D:2      | Reached XP level 3. HP: 23/29 MP: 3/3
  1691 | D:2      | Reached skill level 3 in Axes
  2279 | D:3      | Reached XP level 4. HP: 34/35 MP: 4/4
  2329 | D:4      | Noticed a bullfrog
  2332 | D:4      | Killed a bullfrog
  2333 | D:4      | Gained mutation: You have a somewhat thin skeletal
                  | structure. (Dex +2, Stealth+) [demonic ancestry]
  2333 | D:4      | Reached XP level 5. HP: 25/41 MP: 5/5
  2599 | D:3      | Reached skill level 4 in Axes
  3214 | D:4      | Identified a scroll of acquirement
  3214 | D:4      | Acquired the amulet "Dozer" {rPois Regen+ Str+3 Dex+2}
  3306 | D:5      | Entered Level 5 of the Dungeon
  3451 | D:5      | Reached skill level 5 in Axes
  3451 | D:5      | Reached XP level 6. HP: 45/47 MP: 6/6
  3584 | D:6      | Noticed a sky beast
  3618 | D:5      | Found a snail-covered altar of Cheibriados.
  3649 | D:5      | Reached skill level 6 in Axes
  3649 | D:5      | Gained mutation: You have a moderately thin skeletal
                  | structure. (Dex +4, Stealth++) [demonic ancestry]
  3649 | D:5      | Reached XP level 7. HP: 44/52 MP: 7/7
  3877 | D:4      | Reached skill level 7 in Axes
  3943 | D:4      | Found a staircase to the Ecumenical Temple.
  3952 | Temple   | Entered the Ecumenical Temple
  4098 | D:4      | Found an ornate altar of the Wu Jian Council.
  4106 | D:4      | Became a worshipper of the Wu Jian Council
  4116 | D:4      | Found a sacrificial altar of Ru.
  4394 | D:5      | Reached XP level 8. HP: 58/58 MP: 8/8
  4781 | D:6      | Reached skill level 8 in Axes
  5072 | D:6      | Noticed Blork the orc
  5087 | D:6      | Killed Blork the orc
  5088 | D:6      | Reached skill level 5 in Armour
  5125 | D:7      | Reached skill level 9 in Axes
  5208 | D:7      | Found Vadash's Book Boutique.
  5647 | D:7      | Reached * piety under Wu Jian
  5654 | D:7      | Gained mutation: You are mostly covered in sharp spines.
                  | [demonic ancestry]
  5654 | D:7      | Reached XP level 9. HP: 64/64 MP: 9/9
  5947 | D:7      | Found a runed translucent door.
  5948 | D:7      | Noticed Crazy Yiuf
  6212 | D:8      | Found a broken altar of Ashenzari.
  6478 | D:8      | Reached skill level 10 in Axes
  7065 | D:9      | Noticed a seven-headed hydra
  7217 | D:9      | Reached skill level 11 in Axes
  7277 | D:9      | Found a bloodstained altar of Trog.
  7318 | D:9      | Found Vaerung's Jewellery Boutique.
  7397 | D:10     | Entered Level 10 of the Dungeon
  7505 | D:9      | Learned a level 2 spell: Corpse Rot
  7517 | D:9      | Found Caru's Book Shop.
  7531 | D:9      | Reached XP level 10. HP: 71/71 MP: 10/10
  7541 | D:9      | Found Vaod's Jewellery Shop.
  7689 | D:9      | Found Qucsupuwk's Book Shoppe.
  7717 | D:9      | Reached skill level 1 in Spellcasting
  7988 | D:7      | Reached ** piety under Wu Jian
  8416 | D:10     | Found a shimmering altar of Xom.
  8417 | D:10     | Found a hazy altar of Hepliaklqana.
  8418 | D:10     | Noticed a two-headed ogre
  8418 | D:10     | Noticed a hell beast
  8477 | D:9      | Reached skill level 5 in Shields
  8536 | D:10     | Found a staircase to the Lair.
  8587 | D:9      | Slain by a komodo dragon

Illustrated notes

Levels and vault maps discovered:
D:1:      matt_arrival_diagonals, layout_loops_ring,
          hellmonk_ecumenical_altar_prayer_group
D:2:      layout_basic, grunt_ministairs_10, due_unseen_surprise
D:3:      layout_loops_cross
D:4:      layout_basic, minmay_overflow_temple_star_quad,
          minmay_temple_entry_gardened_gates, minmay_misc_feat_pillars,
          chequers_serial_rivers_small_b
D:5:      layout_basic, mainiacjoe_overflow_small_starburst
D:6:      layout_loops_ring, chequers_big_river, uniq_blork_the_orc
D:7:      layout_rooms, nicolae_stop_n_shop_1, hangedman_decor_clover_reticule,
          kennysheep_big_empty_room, uniq_crazy_yiuf_cottage
D:8:      layout_basic, evilmike_ruin_ashenzari
D:9:      layout_roguey, kennysheep_mini_moat, serial_shops,
          nicolae_shop_statue_plus, nicolae_shop_crystal,
          nicolae_shop_temple_entry_statues_fountains, nicolae_diamond_shop,
          shop_statue, kennysheep_generic_room_11
D:10:     layout_cave_pools, regret_index_temple_of_mockery, david_lair_shrubbed
D:11:     layout_roguey
Temple:   nicolae_temple_great_sept

Skill      XL: |  1  2  3  4  5  6  7  8  9 10 |
---------------+-------------------------------+-----
Axes           | 2 3 5 6 7 9 11 | 11.8
Armour         | 3 4 5 6 |  6.8
Shields        | 3 4 5 |  5.0
Fighting       | 4 |  4.5
Spellcasting   | 2 |  2.0
Air Magic      | |  0.4

Action                   |  1- 3 |  4- 6 |  7- 9 | 10-12 || total
-------------------------+-------+-------+-------+-------++-------
Melee: War axe           |   113 |    56 |   160 |    77 ||   406
Throw: Dart              |       |     3 |     5 |     5 ||    13
Invok: Lunge             |       |       |    19 |    15 ||    34
       Whirlwind         |       |       |    18 |     5 ||    23
  Use: Scroll            |       |     8 |     8 |     1 ||    17
       Potion            |       |       |       |     1 ||     1
 Stab: Sleeping          |       |     2 |       |       ||     2
       Distracted        |       |     1 |     1 |     2 ||     4
Armor: Scale mail        |    68 |    28 |     1 |       ||    97
       Chain mail        |       |       |    58 |    26 ||    84
Dodge: Dodged            |    52 |    14 |    40 |    17 ||   123
Block: Buckler           |    26 |    12 |    27 |    16 ||    81

Table legend: (Time is in decaauts)
 A = Elapsed time spent in this place.
 B = Non-inter-level travel time spent in this place.
 C = Inter-level travel time spent in this place.
 D = Time resting spent in this place.
 E = Time spent auto-exploring this place.
 F = Levels seen in this place.
 G = Mean time per level.
                   A        B        C        D        E       F      G
               +--------+--------+--------+--------+--------+-----+--------+
         Total |   8700 |   8362 |    338 |    921 |   2996 |  12 |  725.0 |
       Dungeon |   8615 |   8289 |    326 |    921 |   2936 |  11 |  783.2 |
        Temple |     84 |     72 |     12 |      0 |     60 |   1 |   84.0 |
               +--------+--------+--------+--------+--------+-----+--------+

Top non-repeatable levels by time:
     D:1: 1153 daAuts
     D:2: 1139 daAuts
     D:8: 1032 daAuts
     D:6: 862 daAuts
     D:5: 828 daAuts
     D:3: 825 daAuts
     D:4: 822 daAuts
     D:9: 815 daAuts
     D:7: 670 daAuts
    D:10: 459 daAuts
  Temple: 84 daAuts
    D:11: 6 daAuts
